 Dungeon Crawl Stone Soup version 0.17-a0-1976-g482a304 (webtiles) character file.

31 Oddball22 the Caller (level 3, -1/19 HPs)
             Began as a Deep Elf Summoner on Oct 5, 2015.
             Killed from afar by Ijyb (10 damage)
             ... with a wand of flame
             ... on level 2 of the Dungeon.
             The game lasted 00:05:36 (1039 turns).

Oddball22 the Caller (Deep Elf Summoner)            Turns: 1039, Time: 00:05:36

Health: -1/19      AC:  3    Str:  5    XL:     3   Next: 7%
Magic:  5/10       EV: 13    Int: 20    God:
Gold:   44         SH:  0    Dex: 15    Spells: 4 memorised, 1 level left

rFire  x . .     SeeInvis .     g - +3 dagger
rCold  + . .     Clarity  .     a - +0 robe
rNeg   . . .     SustAt   .     (no shield)
rPois  .         Gourm    .     (no helmet)
rElec  .         Spirit   .     (no cloak)
rCorr  .         Warding  .     (no gloves)
rMut   .         Stasis   .     h - +0 pair of boots
MR     .....                    (no amulet)
Stlth  ++........               (no ring)
                                i - ring of ice

@: not resistant to hostile enchantments, unstealthy
A: no striking features
a: no special abilities


You were on level 2 of the Dungeon.
You were hungry.

You visited 1 branch of the dungeon, and saw 2 of its levels.

You collected 44 gold pieces.

Inventory:

Hand Weapons
 g - a +3 dagger (weapon)
 j - a +1 dagger of venom
Armour
 a - a +0 robe (worn)
 h - a +0 pair of boots (worn)
 s - a +0 helmet
Jewellery
 i - a ring of ice (left hand)
Scrolls
 e - a scroll of teleportation {unknown}
 l - 2 scrolls of identify {unknown}
 m - a scroll of enchant weapon {unknown}
 o - a scroll of amnesia {unknown}
 q - 2 scrolls of magic mapping {unknown}
 t - a scroll of immolation {unknown}
Potions
 d - a potion of might {unknown}
 f - 2 potions of degeneration {unknown}
 n - 2 potions of curing
 u - 2 potions of cure mutation {unknown}
 v - a potion of resistance {unknown}
Books
 b - a book of Callings

   Spells                             Type                      Level
   a - Summon Small Mammal            Summoning                    1
   b - Call Imp                       Summoning                    2
   c - Call Canine Familiar           Summoning                    3
   d - Summon Guardian Golem          Hexes/Summoning              3
   e - Summon Lightning Spire         Summoning/Air                4
   f - Summon Ice Beast               Ice/Summoning                4
Comestibles
 c - 3 bread rations
 k - a chunk of flesh
 p - 3 meat rations
 r - 3 fruits


   Skills:
 - Level 2.4 Dodging
 + Level 3.1 Stealth
 * Level 4.1 Spellcasting
 + Level 4.6 Summonings


You had one spell level left.
You knew the following spells:

 Your Spells              Type           Power        Failure   Level  Hunger
a - Summon Small Mammal   Summ           ###.         1%          1    None
b - Call Imp              Summ           ###.....     2%          2    #......
c - Call Canine Familiar  Summ           ###.....     8%          3    ###....
d - Summon Guardian Gole  Hex/Summ       ##......     17%         3    ###....


Dungeon Overview and Level Annotations

Branches:
Dungeon (2/15)

Altars:
Nemelex Xobeh

Annotations:
D:2 Ijyb


Message History

Your hound barely misses Ijyb.
Your hound closely misses Ijyb.
Ijyb misses your hound.
Your hound bites Ijyb.
Ijyb zaps a wand.
The puff of flame hits your hound.
Your hound dies!
Your hound's corpse disappears in a puff of smoke!
Casting: Call Canine Familiar
Confirm with . or Enter, or press ? or * to list all spells.
Ijyb hits your crimson imp with a club.
Your crimson imp barely misses Ijyb.
Ijyb closely misses your crimson imp.
Your crimson imp hits Ijyb but does no damage.
Ijyb hits your crimson imp but does no damage.
Your crimson imp blinks!
Your hound bites Ijyb.
Ijyb closely misses your hound.
Your hound bites Ijyb but does no damage.
Your hound misses Ijyb. Ijyb hits your hound with a club.
Your hound closely misses Ijyb.
Ijyb zaps a wand.
The puff of flame misses your hound. The puff of flame hits you!
The fire burns you terribly!
Ouch! That really hurt!
You die...

#..##..#.#........#...
#. ...#.#............
# ...>( #............
###.#############.#.
#.#...5.....# #.#.
#g#.#######.# #...
##h#.# #.#####. #..5.#
#....5.. #.@..#
#.###### #....# #.#
####.# #.# #.# #.# #..
..# #### ###


You could see Ijyb, a friendly hound and a friendly crimson imp.

Vanquished Creatures
  A ball python (D:2)
  2 hobgoblins (D:2)
  3 kobolds (D:1)
  3 bats (D:1)
  A goblin (D:2)
  A rat (D:2)
11 creatures vanquished.

Vanquished Creatures (collateral kills)
  Robin (D:2)
  2 bats (D:1)
  11 goblins
  3 hobgoblins
  2 kobolds (D:1)
  A rat (D:1)
20 creatures vanquished.

Grand Total: 31 creatures vanquished

Notes
Turn   | Place    | Note
--------------------------------------------------------------
     0 | D:1      | Oddball22 the Deep Elf Summoner began the quest for the Orb.
     0 | D:1      | Reached XP level 1. HP: 10/10 MP: 6/6
   371 | D:1      | Reached XP level 2. HP: 10/15 MP: 8/8
   378 | D:1      | Learned a level 2 spell: Call Imp
   682 | D:2      | Found a sparkling altar of Nemelex Xobeh.
   693 | D:2      | Noticed Ijyb
   762 | D:2      | Noticed Robin
   840 | D:2      | Killed Robin
   840 | D:2      | Reached XP level 3. HP: 12/19 MP: 0/10
   845 | D:2      | Learned a level 3 spell: Call Canine Familiar
   849 | D:2      | Learned a level 3 spell: Summon Guardian Golem
  1039 | D:2      | Killed from afar by Ijyb

Vault maps used:
D:1:      dpeg_arrival_rhombus, minmay_strange_pillars
D:2:      nemelex_xobeh_ov_fountains_minmay, grunt_ministairs_4, uniq_robin,
          uniq_iyjb, uniq_jessica

Action                   || total
-------------------------++-------
Melee: Dagger            ||    37
 Cast: Summon Small Mamm ||    30
       Call Imp          ||     6
       Call Canine Famil ||     2
  Use: Potion            ||     1
 Stab: Sleeping          ||     1
